Map: Disco Bloodbath LE

Players

Mez

  • Race: Terran Terran
  • League: Master
  • Spawn Location: 9:00

llllllllllll - Winner!

  • Race: Terran Terran
  • Spawn Location: 3:00

VOD

Have the link to the VOD?

Description

Time

  • Played on: Aug. 22, 2019, 6:47 p.m.
  • Length: 9:35
Show
View Real Time Build Order
Export as new Build Order

Mez Terran 

Build Orders:  

Get SALT Encoding   

  12  0:00  SCV  
  13  0:13  SCV  
  14  0:17  Supply Depot  
  14  0:25  SCV  
  15  0:38  SCV  
  15  0:40  Barracks  
  16  0:44  Refinery  
  16  0:50  SCV  
  17  1:02  SCV  
  18  1:15  SCV  
  19  1:28  Orbital Command, Reaper  
  20  1:49  Supply Depot  
  20  1:52  Refinery  
  20  1:54  SCV  
  21  2:01  Reaper  
  21  2:06  Supply Depot  
  22  2:11  SCV  
  23  2:16  Command Center  
  23  2:27  Factory  
  23  2:34  Barracks Reactor  
  23  2:36  SCV  
  24  2:49  SCV  
  25  3:01  SCV  
  26  3:14  Starport  
  26  3:15  SCV  
  26  3:16  Hellion  
  26  3:17  Hellion, Barracks Tech Lab  
  31  3:27  SCV  
  31  3:28  Orbital Command  
  32  3:36  Marauder, Concussive Shells  
  32  3:39  Hellion x2  
  32  3:40  SCV  
  39  3:48  Supply Depot  
  39  3:50  Medivac  
  39  3:52  SCV  
  43  3:58  Marauder  
  46  4:02  Hellion  
  46  4:04  SCV  
  46  4:05  SCV  
  46  4:08  Hellion  
  50  4:15  Supply Depot  
  50  4:17  SCV x2  
  50  4:21  Starport Reactor  
  52  4:25  Marine, Stimpack  
  52  4:26  Viking  
  55  4:39  SCV  
  55  4:40  SCV  
  57  4:49  Barracks  
  57  4:51  Barracks  
  57  4:53  Factory Reactor  
  57  4:57  SCV x2  
  59  5:00  Starport Tech Lab  
  39  5:29  Raven  
  39  5:30  Marine  
  39  5:31  SCV x2  
  39  5:35  Command Center  
  44  5:38  Refinery  
  44  5:39  Refinery  
  44  5:41  Marine x2  
  46  5:43  SCV  
  46  5:44  Engineering Bay  
  46  5:45  Engineering Bay  
  46  5:48  Marine, Factory Tech Lab  
  48  5:51  Marine x2  
  50  5:59  Marine x2, SCV x2  
  54  6:06  Marine  
  54  6:07  Combat Shield  
  54  6:08  Siege Tank  
  54  6:10  Marine x2  
  61  6:11  SCV  
  61  6:15  Raven  
  61  6:17  Marine  
  64  6:22  SCV, Supply Depot  
  64  6:23  SCV  
  64  6:24  Marine  
  67  6:28  Marine x3  
  70  6:36  Supply Depot  
  70  6:38  Supply Depot  
  70  6:40  Terran Infantry Weapons Level 1  
  70  6:41  Terran Infantry Armor Level 1  
  70  6:43  Marine x2  
  70  6:44  SCV x2  
  74  6:54  Marine  
  74  6:55  Marine x2  
  74  6:56  SCV, Supply Depot  
  78  7:01  Marine x2, Siege Tank  
  78  7:02  Supply Depot  
  78  7:07  Starport Reactor  
  78  7:08  SCV x2  
  84  7:10  Supply Depot  
  84  7:18  Marine x2  
  84  7:19  Marine x2  
  84  7:20  SCV x2  
  90  7:23  Marine  
  90  7:28  Barracks  
  90  7:29  Barracks  
  89  7:36  Marine x2  
  91  7:41  Marine x2  
  91  7:42  Siege Tank  
  94  7:58  Marine x3  
  77  7:59  Marine x2  
  81  8:07  Medivac x2  
  81  8:09  SCV x2  
  87  8:14  Siege Tank  
  87  8:16  Marine x2  
  92  8:21  SCV  
  93  8:29  Marine x3  
  93  8:32  Barracks Reactor  
  93  8:33  Barracks Reactor  
  93  8:34  Marine x2  
  93  8:37  Medivac x2  
  97  8:47  Siege Tank  
  100  8:50  SCV x2  
  102  9:02  Marine, SCV  
  103  9:03  Marine x4  
Show
View Real Time Build Order
Export as new Build Order

llllllllllll Terran - Winner!

Build Orders: Gas First Reaper Expand 

Get SALT Encoding   

  12  0:00  SCV  
  13  0:12  SCV  
  14  0:17  Supply Depot  
  14  0:24  SCV  
  15  0:31  Refinery  
  15  0:39  SCV  
  16  0:43  Barracks  
  16  0:51  SCV  
  17  1:03  SCV  
  18  1:15  SCV  
  19  1:30  Orbital Command  
  19  1:32  Reaper  
  20  1:45  Command Center  
  20  1:56  SCV  
  21  2:02  Factory  
  21  2:09  SCV  
  21  2:10  Barracks Reactor  
  22  2:18  Refinery  
  22  2:19  Supply Depot  
  22  2:22  SCV  
  23  2:40  SCV  
  24  2:48  Starport  
  24  2:52  SCV  
  24  2:53  Hellion x2  
  24  2:54  Barracks Tech Lab  
  24  2:57  Orbital Command  
  29  3:05  SCV  
  30  3:14  Hellion x2  
  30  3:19  SCV  
  35  3:24  SCV  
  36  3:30  Refinery  
  36  3:31  Raven  
  36  3:32  SCV  
  39  3:40  SCV  
  40  3:44  Factory Tech Lab, SCV  
  41  3:50  Supply Depot  
  41  3:52  SCV  
  41  3:53  Marine x2  
  44  3:56  SCV  
  45  4:04  SCV  
  45  4:09  Supply Depot  
  46  4:12  Marine x2, Cyclone, SCV  
  46  4:14  Supply Depot  
  46  4:16  SCV  
  53  4:24  SCV  
  53  4:30  Marine x2, SCV, Raven  
  53  4:31  Supply Depot  
  59  4:36  SCV  
  59  4:37  Supply Depot  
  60  4:42  SCV  
  60  4:44  Siege Tank  
  64  4:48  Marine x2, SCV  
  67  4:54  SCV  
  67  4:58  Command Center  
  68  5:00  SCV  
  59  5:22  Marine x2, Siege Tank  
  59  5:23  Raven  
  62  5:30  SCV x2  
  64  5:39  Barracks  
  64  5:41  Barracks  
  64  5:42  Refinery, Engineering Bay  
  64  5:43  Marine x2, Engineering Bay  
  64  5:44  SCV x2  
  68  5:54  Siege Tank  
  68  5:56  SCV x2  
  73  5:57  Barracks  
  73  5:58  Barracks  
  73  6:11  Orbital Command  
  73  6:12  Terran Infantry Armor Level 1, Terran Infantry Weapons Level 1  
  73  6:14  SCV x2  
  75  6:19  Marine, Stimpack  
  75  6:20  Viking x2  
  80  6:26  SCV  
  80  6:27  SCV  
  80  6:29  Orbital Command, Barracks Reactor x2  
  80  6:30  Supply Depot  
  82  6:36  Supply Depot  
  82  6:39  SCV x2  
  84  6:42  Marine  
  84  6:43  Refinery  
  84  6:44  Siege Tank, Refinery  
  88  6:54  SCV x2  
  88  6:55  SCV  
  88  6:56  Barracks Reactor  
  88  6:58  Barracks Reactor  
  91  7:02  Supply Depot  
  91  7:05  Supply Depot  
  91  7:06  Marine x4, SCV  
  91  7:07  Marine, SCV x2  
  98  7:18  Siege Tank, SCV  
  98  7:19  SCV x2  
  98  7:20  Viking  
  98  7:21  Viking  
  108  7:31  SCV x3  
  108  7:32  Marine x5  
  108  7:33  Marine x2  
  118  7:42  Marine x2  
  120  7:49  Marine  
  120  7:50  Marine x2, Siege Tank  
  126  7:55  SCV x2  
  123  7:59  Marine x4  
  123  8:00  Combat Shield  
  123  8:02  SCV  
  129  8:07  SCV x2  
  129  8:08  Medivac  
  133  8:13  Marine  
  133  8:14  Command Center  
  133  8:15  Supply Depot x2  
  133  8:37  Marine x9, Medivac  
  144  8:45  Medivac  
  144  8:46  Siege Tank  
  149  8:59  Sensor Tower  
  149  9:00  Sensor Tower  
  149  9:07  Marine x3  
  149  9:09  Marine x4  
  149  9:10  Marine x2  
  135  9:29  Refinery  
  145  9:31  Refinery  
Tags
 
Add a new tag
Caveats
  • Supply blocks, unpowered buildings, or Contaminate may cause inaccurate times.
  • Supply counts are checked every 10 seconds.